 Dungeon Crawl Stone Soup version 0.22.1-1-ga44c0e56f4 (webtiles) character file.

7116 Gargoyl the Cleaver (level 10, -1/83 (84) HPs)
             Began as a Centaur Abyssal Knight on Nov 10, 2018.
             Was a Priest of Lugonu.
             Killed from afar by a manticore (11 damage)
             ... with a volley of spikes
             ... on level 9 of the Dungeon.
             The game lasted 00:21:54 (12846 turns).

Gargoyl the Cleaver (Centaur Abyssal Knight)       Turns: 12846, Time: 00:21:55

HP:   -1/83 (84)    AC: 10    Str: 16    XL:     10   Next: 85%
MP:   15/15         EV: 16    Int: 11    God:    Lugonu [***...]
Gold: 506           SH:  8    Dex: 11    Spells: 9/9 levels left

rFire    + . .     SeeInvis .   a - +2 hand axe
rCold    . . .     Gourm    .   u - +0 shield
rNeg     . . .     Faith    .   r - +0 plate armour {rF+}
rPois    .         Spirit   .   d - +1 helmet
rElec    .         Reflect  .   q - +2 cloak
rCorr    .         Harm     .   b - +0 pair of gloves (curse)
MR       .....                  (no barding)
Stlth    ..........             i - amulet of the acrobat
HPRegen  0.23/turn              (no ring)
MPRegen  0.14/turn              (no ring)

@: barbed spikes, corroded, very quick
A: large, hooves 3, deformed body, speed 2, mutation resistance 1, sense
surroundings 1, tough skin 3
a: Depart the Abyss, Bend Space, Banish, Renounce Religion


You were on level 9 of the Dungeon.
You worshipped Lugonu.
Lugonu was most pleased with you.
You were hungry.

You visited 1 branch of the dungeon, and saw 9 of its levels.
You visited the Abyss 2 times.

You collected 506 gold pieces.

Inventory:

Hand Weapons
 a - a +2 hand axe (weapon)
 n - a +0 war axe
Missiles
 o - 3 tomahawks (quivered)
Armour
 b - a cursed +0 pair of gloves (worn)
 d - a +1 helmet (worn)
 q - a +2 cloak (worn)
 r - a +0 plate armour of fire resistance (worn)
 u - a +0 shield (worn)
Jewellery
 i - an amulet of the acrobat (around neck)
Wands
 m - a wand of flame (25)
 p - a wand of scattershot (6)
 s - a wand of disintegration (23)
 w - a wand of random effects (38)
Scrolls
 e - a scroll of teleportation
 f - a scroll of magic mapping
 g - a scroll of remove curse
 h - 2 scrolls of identify
 j - 2 scrolls of blinking
Comestibles
 c - 14 rations
 k - 8 chunks of flesh


   Skills:
 + Level 6.4 Fighting
 + Level 8.4 Axes
 * Level 7.7 Armour
 + Level 1.6 Dodging
 + Level 3.0 Shields
 * Level 7.6 Invocations
 + Level 1.1 Evocations


You had 9 spell levels left.
You didn't know any spells.
Your spell library contained the following spells:

 Spells                   Type           Power        Failure   Level  Hunger
 Shock                    Conj/Air       #...         100%        1    ##.....
 Summon Small Mammal      Summ           #...         100%        1    ##.....
 Call Imp                 Summ           #.......     100%        2    ###....
 Ensorcelled Hibernation  Hex/Ice        #.....       100%        2    ###....
 Swiftness                Chrm/Air       #.......     100%        2    ###....
 Call Canine Familiar     Summ           #.......     100%        3    ####...
 Static Discharge         Conj/Air       #.......     100%        3    ####...
 Summon Guardian Golem    Hex/Summ       #.......     100%        3    ####...
 Airstrike                Air            #.........   100%        4    #####..
 Summon Ice Beast         Ice/Summ       #.......     100%        4    #####..
 Summon Lightning Spire   Summ/Air       #.......     100%        4    #####..
 Borgnjor's Vile Clutch   Necr/Erth      #.........   100%        5    ######.
 Lightning Bolt           Conj/Air       #.........   100%        5    ######.
 Silence                  Hex/Air        #.........   100%        5    ######.
 Darkness                 Hex            #.........   100%        6    #######
 Shadow Creatures         Summ           N/A          100%        6    #######


Dungeon Overview and Level Annotations

Branches:
Dungeon (9/15)             Temple (0/1) D:7             Orc (0/2) D:9
   Lair: D:8-11

Altars:
Sif Muna
The Shining One

Shops:
D:4 [   D:6 *

Annotations:
D:3 2 transporters
D:4 3 runed doors, gre3edy's ghost, amateur DsEn


Innate Abilities, Weirdness & Mutations

You have hooves in place of feet.
Armour fits poorly on your strangely shaped body.
You cover ground very quickly.
You have extremely tough skin. (AC +3)
You are somewhat resistant to further mutation.
You passively map a small area around you.


Message History

You hit the jelly.
Your hands burn!
* * * LOW HITPOINT WARNING * * *
You kick the jelly.
The jelly is almost dead.
The jelly hits you but does no damage.
You hit the jelly but do no damage.
Your hands burn!
* * * LOW HITPOINT WARNING * * *
The jelly is almost dead.
The jelly hits you.
* * * LOW HITPOINT WARNING * * *
You are splashed with acid!
The acid burns!
* * * LOW HITPOINT WARNING * * *
A jelly comes into view.
The jelly quivers.
A manticore comes into view.
Found a stone staircase leading down.
The manticore flicks its tail.
The volley of spikes hits you!
The barbed spikes become lodged in your body.
You die...

....# * #>. ....# # #..
...## ## #.
####.######..### .. #..
#..#........... ..
...#..........#..####..
,............##...(s..
#.#.......)##(.#####
#>'@...J...##s.#.... *
###........##J.#.#.# *
#......J.##..#.#.. ,*
#......).##..#.#.#
###...).s....'.#.# * ,
, #...H......#.#.# ,
*#..........#.... ,
#..........#.### ,
*#..........#....


You could see a manticore, a scorpion and 2 jellies.

Vanquished Creatures
  Maurice (D:8)
  Psyche (D:8)
  A komodo dragon (D:9)
  Prince Ribbit (D:7)
  2 hippogriffs
  A human (D:9)
  A yak (D:9)
  3 hogs (D:9)
  Grum (D:8)
  A vampire mosquito (D:9)
  A water moccasin (D:9)
  2 orc warriors
  A sky beast (D:5)
  4 ice beasts
  2 phantoms
  A black bear (D:7)
  3 necrophages
  5 ogres
  3 wolves
  6 centaurs
  2 big kobolds
  6 bullfrogs
  A gnoll sergeant (D:4)
  2 scorpions
  6 killer bees
  A howler monkey (D:6)
  3 crimson imps
  A quasit (D:4)
  A bullfrog zombie (D:6)
  2 jellies
  3 orc priests
  3 hounds
  An orc wizard (D:6)
  A bullfrog skeleton (D:5)
  2 iguanas
  Terence (D:2)
  Natasha (twice) (D:2)
  3 worker ants
  A howler monkey skeleton (D:6)
  9 gnolls
  A worker ant zombie (D:5)
  7 adders
  2 shadow imps
  2 oozes (D:3)
  An adder skeleton (D:5)
  2 worms (D:2)
  A dart slug (D:1)
  2 leopard geckos
  9 orcs
  A ball python (D:4)
  5 bats
  3 giant cockroaches
  8 goblins
  8 hobgoblins
  21 jackals
  16 kobolds
  7 quokkas
  6 frilled lizards
  5 rats
199 creatures vanquished.

Vanquished Creatures (others)
  A two-headed ogre (D:9)
  A water moccasin (D:7)
2 creatures vanquished.

Grand Total: 201 creatures vanquished

Notes
Turn   | Place    | Note
-------+----------+-------------------------------------------
     0 | Abyss:1  | Gargoyl the Centaur Abyssal Knight began the quest for the
                  | Orb.
     0 | Abyss:1  | Reached XP level 1. HP: 19/19 MP: 2/2
    49 | Abyss:1  | Noticed a neqoxec
    71 | Abyss:1  | Gained mutation: Your flesh is heat resistant. (rF+)
                  | [potion of mutation]
    71 | Abyss:1  | Gained mutation: Your body sometimes deteriorates upon
                  | taking damage. [potion of mutation]
    71 | Abyss:1  | Gained mutation: Your mind is acute. (Int +2) [potion of
                  | mutation]
    84 | Abyss:1  | Noticed an orange demon
    94 | Abyss:1  | Gained mutation: Your muscles are strong. (Str +2) [a
                  | neqoxec]
    96 | D:1      | Escaped the Abyss
   325 | D:1      | Reached * piety under Lugonu
   359 | D:1      | Reached skill level 2 in Axes
   359 | D:1      | Reached XP level 2. HP: 26/26 MP: 3/3
  1087 | D:1      | Reached XP level 3. HP: 25/31 MP: 4/4
  1415 | D:2      | Reached skill level 1 in Dodging
  1432 | D:2      | Noticed Terence
  1438 | D:2      | Killed Terence
  1476 | D:2      | Reached XP level 4. HP: 35/38 MP: 5/5
  1501 | D:2      | Found a deep blue altar of Sif Muna.
  1606 | D:2      | Noticed Natasha
  1612 | D:2      | Killed Natasha
  1695 | D:2      | Noticed Natasha
  1710 | D:2      | Killed Natasha
  2058 | D:2      | Found a faded altar of an unknown god.
  2071 | D:2      | Reached XP level 5. HP: 45/45 MP: 6/6
  2208 | D:3      | Reached skill level 3 in Axes
  2267 | D:3      | Reached ** piety under Lugonu
  2474 | D:3      | Found a transporter.
  2492 | D:3      | Reached XP level 6. HP: 34/52 MP: 8/8
  2700 | D:3      | Found a transporter.
  3846 | D:4      | Reached skill level 4 in Axes
  3846 | D:4      | Reached XP level 7. HP: 44/59 MP: 9/9
  3941 | D:4      | Found a runed gate.
  3977 | D:4      | Found Ciojefic's Armour Shoppe.
  4013 | D:4      | Found a runed gate.
  4013 | D:4      | Found a runed gate.
  4019 | D:4      | Noticed gre3edy's ghost (amateur DsEn)
  4180 | D:4      | Lost mutation: Your muscles are strong. (Str +2) [potion of
                  | mutation]
  4180 | D:4      | Lost mutation: Your mind is acute. (Int +2) [potion of
                  | mutation]
  4180 | D:4      | Lost mutation: Your body sometimes deteriorates upon taking
                  | damage. [potion of mutation]
  4180 | D:4      | Lost mutation: Your flesh is heat resistant. (rF+) [potion
                  | of mutation]
  4180 | D:4      | Gained mutation: You passively map a small area around you.
                  | [potion of mutation]
  4180 | D:4      | Gained mutation: You are somewhat resistant to further
                  | mutation. [potion of mutation]
  4249 | D:5      | Entered Level 5 of the Dungeon
  5055 | D:4      | Reached *** piety under Lugonu
  5322 | D:5      | Reached skill level 5 in Axes
  5322 | D:5      | Reached XP level 8. HP: 61/67 MP: 11/11
  5410 | D:5      | Reached skill level 1 in Evocations
  6047 | D:6      | Reached skill level 5 in Armour
  6132 | D:6      | Reached skill level 5 in Invocations
  6490 | D:6      | Found Zownisoczi's Assorted Antiques.
  6910 | D:7      | Reached skill level 6 in Axes
  6910 | D:7      | Reached skill level 1 in Shields
  6961 | D:7      | Noticed Prince Ribbit
  6965 | D:7      | Reached XP level 9. HP: 68/72 MP: 13/13
  6998 | D:8      | Reached **** piety under Lugonu
  6998 | D:8      | Reached skill level 5 in Fighting
  8306 | D:7      | Found a staircase to the Ecumenical Temple.
  8432 | D:7      | Killed Prince Ribbit
  8798 | D:7      | Reached skill level 7 in Axes
  9131 | D:8      | Noticed Psyche
  9141 | D:8      | Killed Psyche
  9269 | D:8      | Noticed Maurice
  9419 | D:8      | Noticed Grum
  9822 | D:8      | Reached XP level 10. HP: 52/83 MP: 14/14
 10238 | D:8      | Killed Grum
 10765 | D:8      | Found a glowing golden altar of the Shining One.
 11159 | D:8      | Cast into level 2 of the Abyss (Maurice)
 11229 | Abyss:2  | Noticed a sixfirhy
 11231 | Abyss:2  | Noticed a cacodemon
 11233 | D:8      | Escaped the Abyss
 11259 | D:8      | Killed Maurice
 11835 | D:9      | Reached skill level 8 in Axes
 12255 | D:9      | Noticed a two-headed ogre
 12262 | D:9      | Banished a two-headed ogre
 12837 | D:9      | Noticed a manticore
 12846 | D:9      | Killed from afar by a manticore

Skill      XL: |  1  2  3  4  5  6  7  8  9 10 |
---------------+-------------------------------+-----
Axes           | 2 3 4 5 6 7 8 |  8.4
Armour         | 2 3 4 5 6 7 |  7.7
Dodging        | 1 |  1.6
Invocations    | 3 4 5 6 7 |  7.6
Fighting       | 4 5 6 |  6.4
Evocations     | 1 |  1.1
Shields        | 1 2 3 |  3.0

Action                   |  1- 3 |  4- 6 |  7- 9 | 10-12 || total
-------------------------+-------+-------+-------+-------++-------
Melee: Hand axe          |    86 |   224 |   552 |   290 ||  1152
       Kick              |    14 |    25 |   117 |    78 ||   234
Throw: Tomahawk          |       |       |       |     2 ||     2
Invok: Depart the Abyss  |     1 |       |       |     1 ||     2
       Bend Space        |       |       |     2 |       ||     2
       Banish            |       |       |     2 |     3 ||     5
Evoke: Wand              |       |    12 |     7 |       ||    19
  Use: Scroll            |     1 |     9 |    11 |     1 ||    22
       Potion            |     1 |     1 |     9 |       ||    11
  Eat: Chunk             |       |     5 |     8 |     2 ||    15
       Ration            |       |     1 |     3 |     2 ||     6
Armor: Leather armour    |    19 |       |       |       ||    19
       Ring mail         |    17 |       |       |       ||    17
       Chain mail        |     4 |   224 |    18 |       ||   246
       Plate armour      |       |       |   524 |   177 ||   701
       Skin              |       |       |     7 |       ||     7
Dodge: Dodged            |    29 |    86 |    67 |    17 ||   199
Block: Shield            |       |       |   203 |   102 ||   305
